[Event "*** Titled Tuesday Blitz"]
[Site "Chess.com"]
[Date "2020.11.24"]
[Round "9"]
[White "biostatistician"]
[Black "Witik"]
[Result "0-1"]
[WhiteElo "2539"]
[BlackElo "2693"]
[TimeControl "180+1"]
[EndTime "12:03:33 PST"]
[Termination "Witik won on time"]

1. d4 d6 2. Nf3 c6 3. c4 Nd7 4. Nc3 h6 5. e4 g5 6. Be3 Bg7 7. h4 g4 8. Nd2 h5 9. f3 e5 10. d5 Bh6 11. Qe2 c5 12. Bxh6 Nxh6 13. Qe3 g3 14. O-O-O Nf8 15. f4 Ng4 16. Qxg3 exf4 17. Qxf4 Ng6 18. Qg3 N6e5 19. Nf3 Bd7 20. Be2 Qa5 21. Nxe5 Nxe5 22. Bxh5 O-O-O 23. Be2 a6 24. Kb1 b5 25. Rc1 Kc7 26. h5 Rb8 27. Rc2 Rhg8 28.
Qf2 b4 29. Nd1 b3 30. axb3 Rxb3 31. Rc3 Rb4 32. h6 Rgb8 33. h7 Rxb2+ 34. Nxb2 Qxc3 35.
Bf1 Ng6 36. Qc2 Qd4 37. Bd3 Ba4 38. Qd2 Bb3 39. Ka1 Bxc4 0-1

[Event "*** Titled Tuesday Blitz"]
[Site "Chess.com"]
[Date "2020.11.24"]
[Round "9"]
[White "maximnovik"]
[Black "mbojan"]
[Result "1-0"]
[WhiteElo "2553"]
[BlackElo "2676"]
[TimeControl "180+1"]
[EndTime "12:03:33 PST"]
[Termination "maximnovik won by resignation"]

1. d4 Nf6 2. Bg5 d5 3. Bxf6 exf6 4.
e3 Bd6 5. Bd3 c6 6. Nd2 Be6 7.
Qf3 g6 8. Ne2 Nd7 9. Nf4 Bxf4 10. Qxf4 f5 11. h4 h5 12. O-O-O Qb8 13. Qf3 Qd6 14. Kb1 Nf6 15. Qe2 O-O-O 16. Rc1 Rhe8 17. c4 Kb8 18. g3 dxc4 19. Bxc4 Bxc4 20. Rxc4 Nd5 21. Qd3 Nb6 22. Rc2 c5 23. Nc4 Nxc4 24. Rxc4 cxd4 25. Rxd4 Qb6 26. Rd1 Rxd4 27. Qxd4 Qxd4 28.
Rxd4 Kc7 29. Kc2 Kc6 30. Kd3 a6 31. a4 Re7 32. b4 Re5 33. f3 Re7 34. Rc4+ Kd6 35.
Kd4 Rd7 36. Kc3 Rc7 37. Rxc7 Kxc7 38. Kc4 Kd6 39. Kd4 f6 40. e4 fxe4 41. Kxe4 b6 42.
g4 Ke6 43. Kf4 a5 44. b5 Kf7 45. gxh5 gxh5 46. Kf5 Kg7 47. Ke6 Kg6 48. f4 1-0

[Event "*** Titled Tuesday Blitz"]
[Site "Chess.com"]
[Date "2020.11.24"]
[Round "9"]
[White "zverr1"]
[Black "Julianos82"]
[Result "0-1"]
[WhiteElo "2508"]
[BlackElo "2361"]
[TimeControl "180+1"]
[EndTime "12:03:35 PST"]
[Termination "Julianos82 won by checkmate"]

1. d4 d5 2. c4 dxc4 3. Nf3 c6 4. Nc3 b5 5. e4 Bb7 6. Be2 Nd7 7. e5 e6 8. b3 cxb3 9. axb3 Nh6 10. Bg5 Qb6 11. Bxh6 gxh6 12. O-O Rg8 13. Bd3 Be7 14. Bxh7 Rg7 15. Be4 O-O-O 16. Qd2 c5 17. d5 f5 18. Qxh6 Rdg8 19. dxe6 Rxg2+ 20. Kh1 fxe4 21. exd7+ Kxd7 22. Qxb6 axb6 23. Ra7 Kc8 24. Rxb7 Kxb7 25. Nxe4 R2g4 26. Re1 c4 27. bxc4 bxc4 28. Nc3 Kc6 29. e6 Bd6 30. Ne4 Rf8 31. Nd4+ Kd5 32. Nxd6 Kxd6 33. Rd1 Ke5 34. e7 Re8 35. Nc6+ Ke6 36. Rd8 Rxe7 37. Nxe7 Kxe7 38. Rb8 Rg6 39. h4 Rc6 40. h5 c3 41. h6 c2 42. h7 c1=Q+ 43. Kg2 Qg5+ 44. Kf1 Rc1+ 45. Ke2 Rc2+ 46. Kd3 Qd2+ 47. Ke4 Rc4+ 48. Kf3 Qd5+ 49. Kg3 Qd6+ 50. Kg2 Qxb8 51. Kf1 Qh8 52. Ke2 Qxh7 53. Ke3 Qe4+ 54. Kd2 Rc2+ 55. Kd1 Qe2# 0-1

[Event "*** Titled Tuesday Blitz"]
[Site "Chess.com"]
[Date "2020.11.24"]
[Round "9"]
[White "TrickyFortem"]
[Black "DoHoChess"]
[Result "1-0"]
[WhiteElo "2525"]
[BlackElo "2686"]
[TimeControl "180+1"]
[EndTime "12:03:36 PST"]
[Termination "TrickyFortem won by resignation"]

1. d4 d5 2. c4 e6 3. Nf3 Nf6 4.
g3 Be7 5. Bg2 Ne4 6. O-O f5 7.
cxd5 exd5 8. Nc3 Nc6 9. Qb3 Be6 10. Qxb7 Nb4 11. Qb5+ Kf8 12. Qa4 c5 13. Be3 c4 14.
Ne5 Qe8 15. Qd1 Nc6 16. Nxc6 Qxc6 17. Nxe4 fxe4 18. f3 exf3 19. exf3 Kf7 20. f4 Bf5 21. Qd2 Rab8 22. Rae1 Bb4 23. Qe2 Bxe1 24. Rxe1 Rhe8 25. Qh5+ g6 26. Qxh7+ Kf6 27. g4 Rh8 28. g5+ Ke6 29.
Bd2+ Be4 30. Bh3+ Kd6 31. Bb4+ Rxb4 32. Qxh8 Qb6 33. Qf8+ Kc7 34. Qg7+ Kb8 35. Qf8+ Kc7 36. Qg7+ Kb8 37. f5 Rxb2 38. fxg6 a5 39. Rf1 Qb7 40. Rf8+ Ka7 41. Rf7 Rb1+ 42. Kf2 Rb2+ 43. Kg3 c3 44. Rxb7+ Rxb7 45. Qf8 c2 46. Qc5+ Kb8 47. Qf8+ Ka7 48. Qc5+ Kb8 49. Qd6+ Rc7 50. g7 c1=Q 51. Qb6+ Ka8 52.
g8=Q+ 1-0

[Event "*** Titled Tuesday Blitz"]
[Site "Chess.com"]
[Date "2020.11.24"]
[Round "9"]
[White "Mr_Heisenberg13"]
[Black "vovachesss"]
[Result "1/2-1/2"]
[WhiteElo "2531"]
[BlackElo "2660"]
[TimeControl "180+1"]
[EndTime "12:03:37 PST"]
[Termination "Game drawn by repetition"]

1. e4 Nf6 2. e5 Nd5 3. d4 d6 4.
exd6 exd6 5. Nf3 Be7 6. Be2 O-O 7. O-O Bf5 8. c3 c6 9. Nbd2 Nd7 10. Re1 N7f6 11. Bf1 h6 12. Nc4 Qd7 13. a4 Rfe8 14.
h3 Bf8 15. Rxe8 Rxe8 16. a5 g5 17. Bd2 Ne4 18. Be1 Nf4 19. Ne3 Bg6 20. d5 c5 21.
Qa4 Qe7 22. b4 Bg7 23. bxc5 Nxc5 24. Qb5 Ncd3 25. Nd4 Rc8 26. a6 bxa6 27. Qxa6 Qd7 28. Nc6 Rc7 29. Bd2 Nc5 30. Qb5 Ne4 31. Be1 Nxc3 32. Qb8+ Kh7 33. Bxc3 Bxc3 34. Rxa7 Rxa7 35. Nxa7 Qa4 36. Nb5 Be5 37. g3 Nd3 38. Ng4 Qd1 39. Nxd6 Bxd6 40. Qxd6 Ne1 41. Qf8 Nf3+ 42. Kg2 Ne1+ 43.
Kg1 Nf3+ 44. Kg2 Ne1+ 45. Kh2 Nf3+ 46. Kg2 1/2-1/2

[Event "*** Titled Tuesday Blitz"]
[Site "Chess.com"]
[Date "2020.11.24"]
[Round "9"]
[White "MatyChess1"]
[Black "onnoelgersma"]
[Result "0-1"]
[WhiteElo "2568"]
[BlackElo "2421"]
[TimeControl "180+1"]
[EndTime "12:03:37 PST"]
[Termination "onnoelgersma won by checkmate"]

1. e4 c5 2. Nf3 e6 3. g3 Nc6 4.
Bg2 a6 5. O-O Nf6 6. e5 Ng4 7.
Qe2 Qc7 8. Re1 Be7 9. h3 Nh6 10. d3 Nf5 11. c3 h5 12. Nbd2 b5 13. a4 Bb7 14. Ne4 Rb8 15. axb5 axb5 16. Bf4 Ra8 17. Rad1 Qb6 18. Qd2 Ra2 19. Qc1 Ra8 20. Bg5 Bf8 21. g4 hxg4 22. hxg4 Nh6 23. Qf4 Ng8 24. Bh4 Rxh4 25. Nxh4 Be7 26. Nf3 Nh6 27. Ng3 b4 28. g5 Ng8 29. Nd2 Qc7 30. Nc4 Ra2 31. Ne4 Nd8 32. Ned6+ Bxd6 33. Nxd6+ Kf8 34. Bxb7 Rxb2 35. cxb4 Ne7 36. bxc5 Ng6 37. Qf3 Qxc5 38. d4 Qc2 39. Be4 Qb3 40. Bxg6 Qxf3 41. Rf1 fxg6 42. Rc1 Qg4+ 43. Kh2 Rb3 44. f3 Rb2+ 45. Kh1 Qg2# 0-1

[Event "*** Titled Tuesday Blitz"]
[Site "Chess.com"]
[Date "2020.11.24"]
[Round "9"]
[White "MattyDPerrine"]
[Black "Piotrek1979"]
[Result "1-0"]
[WhiteElo "2393"]
[BlackElo "2496"]
[TimeControl "180+1"]
[EndTime "12:03:37 PST"]
[Termination "MattyDPerrine won by resignation"]

1. e4 c5 2. Nf3 e6 3. d4 cxd4 4. Nxd4 Nf6 5. Nc3 d6 6. g4 a6 7. g5 Nfd7 8. Rg1 b5 9. h4 Bb7 10. f3 g6 11. Be3 Qc7 12. Qd2 Bg7 13. a4 b4 14. Na2 O-O 15. Nxb4 Ne5 16. b3 Rc8 17.
Be2 Rd8 18. c4 Nbd7 19. f4 Nc5 20. Qa2 Nxe4 21. fxe5 dxe5 22. Nf3 Qa5 23. Qc2 Qxb4+ 24. Kf1 Nc5 25. Nd2 e4 26. Rd1 Bc3 27. Bxc5 Qxc5 28.
Qxc3 Qf5+ 29. Ke1 e3 30. Qxe3 Qc2 31. Rf1 Rd7 32. Nf3 Rad8 33. Rxd7 Rxd7 34. Ne5 Re7 35. Qc5 Re8 36. Nxf7 Qc1+ 37. Kf2 Qf4+ 38. Ke1 Qxh4+ 39. Kd1 Rf8 40. Nh6+ Qxh6 41. gxh6 Rd8+ 42. Kc2 Be4+ 43. Kc3 Bf5 44. Qe5 Kf7 45. Rd1 Ke8 46. Rxd8+ Kxd8 47. Qd6+ Ke8 48. c5 1-0

[Event "*** Titled Tuesday Blitz"]
[Site "Chess.com"]
[Date "2020.11.24"]
[Round "9"]
[White "witcher8"]
[Black "queen_iryna"]
[Result "0-1"]
[WhiteElo "2437"]
[BlackElo "2286"]
[TimeControl "180+1"]
[EndTime "12:03:37 PST"]
[Termination "queen_iryna won by resignation"]

1. e4 d6 2. d4 Nf6 3. Nc3 e5 4. Nf3 Nbd7 5. Bc4 Be7 6. O-O O-O 7. a4 c6 8. h3 h6 9. Re1 Re8 10. b3 Bf8 11. Bb2 Qc7 12. Nh4 exd4 13. Qxd4 Nc5 14. Nf5 Bxf5 15. exf5 d5 16. Bf1 Nce4 17. Nxe4 Nxe4 18.
Bd3 Nf6 19. b4 a6 20. a5 Qd7 21. Qh4 Rxe1+ 22. Rxe1 Re8 23. Rxe8 Nxe8 24. Bd4 Qe7 25. f6 Nxf6 26. c3 Qe1+ 27. Bf1 Ne4 28. Qf4 Nxc3 29.
Qf3 Ne4 30. g4 Qxb4 31. Bb6 Bc5 32. Bxc5 Qxc5 33. Bd3 Qxa5 34. Bxe4 Qe1+ 35. Kh2 Qxe4 36. Qb3 b5 37. Qa3 Qe5+ 38. Kg2 d4 39. Qxa6 Qd5+ 40.
f3 d3 41. Qa1 d2 42. Qd1 b4 43. Kf2 b3 44. Ke2 c5 45. Qxd2 Qxd2+ 46. Kxd2 c4 47.
Kc3 Kf8 48. f4 Ke7 0-1

[Event "*** Titled Tuesday Blitz"]
[Site "Chess.com"]
[Date "2020.11.24"]
[Round "9"]
[White "kai_nov"]
[Black "Dave_ChessMate"]
[Result "1-0"]
[WhiteElo "2343"]
[BlackElo "2444"]
[TimeControl "180+1"]
[EndTime "12:03:37 PST"]
[Termination "kai_nov won on time"]

1. d4 Nf6 2. c4 e6 3. Nc3 c5 4. d5 exd5 5. cxd5 d6 6. e4 g6 7. f3 Bg7 8. Bg5 O-O 9. Qd2 a6 10. a4 Re8 11. Ra3 Qc7 12. Nge2 Nbd7 13. Ng3 Ne5 14. Be2 h5 15. O-O Nh7 16. Be3 Bd7 17. h3 b5 18. axb5 axb5 19. Rxa8 Rxa8 20. Nxb5 Bxb5 21. Bxb5 Qb6 22. Be2 Rb8 23. f4 Nd7 24. Rb1 Qb3 25. Bd1 Qa2 26. Bc2 Rxb2 27. Rxb2 Qxb2 28. e5 dxe5 29. f5 Nhf6 30. fxg6 fxg6 31.
d6 e4 32. Nxe4 Nxe4 33. Qd5+ Kh7 34. Qxe4 Qa1+ 35. Bb1 Qf6 36. Qd5 Qe5 37. Qd3 Qf6 38. Bc2 Ne5 39. Qd5 Nd7 40. Qxh5+ Kg8 41. Bxg6 Qa1+ 42.
Kf2 Qb2+ 43. Kf3 Ne5+ 44. Kg3 Nxg6 45. Qxg6 Qe5+ 46. Kf3 1-0

[Event "*** Titled Tuesday Blitz"]
[Site "Chess.com"]
[Date "2020.11.24"]
[Round "9"]
[White "vugarrasulov"]
[Black "BogdanDeac"]
[Result "1-0"]
[WhiteElo "2894"]
[BlackElo "2910"]
[TimeControl "180+1"]
[EndTime "12:03:38 PST"]
[Termination "vugarrasulov won by resignation"]

1. d4 Nf6 2. c4 e6 3. Nf3 d5 4. g3 Be7 5. Bg2 O-O 6. O-O dxc4 7. Qc2 b6 8. Qxc4 Ba6 9. Qc2 Nbd7 10. Nc3 c5 11. Rd1 Qc8 12. Bg5 h6 13. Bf4 Bb7 14.
Nb5 Be4 15. Qc1 cxd4 16. Bd6 Qxc1 17. Raxc1 Bxd6 18. Nxd6 Bd5 19. Nxd4 Nc5 20. Nc6 Bxg2 21. Kxg2 a5 22. Nc4 Ra6 23. Rd6 Ncd7 24. Rcd1 Re8 25. Rxd7 Nxd7 26. Rxd7 b5 27. Nd6 Rea8 28. Nd4 b4 29. Nxf7 R6a7 30. Rxa7 Rxa7 31. Ne5 Rc7 32. Ndc6 g5 33. b3 Kg7 34. Kf3 Kf6 35. Ke4 Rb7 36. Nxa5 Rb5 37. Nac6 h5 38. f4 gxf4 39. gxf4 h4 40. h3 Rd5 41. Nxb4 Rd1 42. Nbd3 Rh1 43. Ng4+ Ke7 44. Ngf2 Ra1 45. a4 Ra3 46. Nc5 Kd6 47. Nfd3 Ra1 48. a5 Kc6 49. b4 Kb5 50. a6 Kb6 51. Nxe6 Rh1 52. Ng5 Kxa6 53. f5 1-0

[Event "*** Titled Tuesday Blitz"]
[Site "Chess.com"]
[Date "2020.11.24"]
[Round "9"]
[White "Harsha_Bharathakoti"]
[Black "Jumbo"]
[Result "0-1"]
[WhiteElo "2720"]
[BlackElo "2846"]
[TimeControl "180+1"]
[EndTime "12:03:38 PST"]
[Termination "Jumbo won on time"]

1. d4 d6 2. e4 g6 3. Nc3 Bg7 4.
Be3 c6 5. Qd2 b5 6. Nf3 Nf6 7.
a3 Ng4 8. Bg5 h6 9. Bh4 Qc7 10.
h3 Nf6 11. e5 Nfd7 12. exd6 Qxd6 13. Bg3 Qe6+ 14. Be2 O-O 15. O-O Nf6 16. Rfe1 Qd7 17.
Ne5 Qb7 18. Bf3 Qb6 19. a4 b4 20. Ne4 Nd5 21. a5 Qd8 22. c4 bxc3 23. bxc3 Bf5 24. c4 Nc7 25. Nc5 Kh7 26. Rad1 Qc8 27. Nxc6 Nxc6 28.
Bxc6 Rd8 29. d5 e6 30. Bxa8 Nxa8 31. Qe3 exd5 32. cxd5 Nc7 33. d6 Ne6 34. Nxe6 Bxe6 35.
Be5 Bf8 36. Qxa7 Rd7 37. Qb6 Rb7 38. Qd4 Rb5 39. Rc1 Qd8 40. Rc7 Rd5 41. Qf4 Rxe5 0-1

[Event "*** Titled Tuesday Blitz"]
[Site "Chess.com"]
[Date "2020.11.24"]
[Round "9"]
[White "HajduIstvanCM"]
[Black "zurzan"]
[Result "0-1"]
[WhiteElo "1707"]
[BlackElo "2072"]
[TimeControl "180+1"]
[EndTime "12:03:38 PST"]
[Termination "zurzan won on time"]

1. e4 Nf6 2. e5 Nd5 3. Nc3 c6 4. Nf3 d6 5. exd6 exd6 6. Nxd5 cxd5 7. d4 Be7 8. Bd3 O-O 9. O-O g6 10. c3 Re8 11. Re1 Bf8 12. Bg5 Rxe1+ 13. Qxe1 Qd7 14. Qe3 Nc6 15. Re1 b6 16. Qe8 Qxe8 17. Rxe8 Bb7 18.
Rxa8 Bxa8 19. Kf1 h6 20. Be3 Na5 21. b3 Bc6 22. Bf4 g5 23. Bg3 Bd7 24. h3 f5 25.
Bh2 f4 26. Ng1 Nb7 27. g3 fxg3 28. fxg3 Kf7 29. g4 Be6 30. Ne2 Ke7 31. Ng3 Bg7 32.
Ke2 Kd7 33. Kf3 Nd8 34. Nh5 Bh8 35. Ng3 Nc6 36. Ne2 Ne7 37. Ng3 Kc7 38. Nh5 Kc6 39. Ng3 b5 40. Ne2 a5 41. Ng3 Bg7 42. Nh5 Bh8 43. Ng3 Nc8 44. Nh5 Nb6 45. Ng3 a4 46. Ne2 axb3 47. axb3 Bf7 48. Ng3 b4 49. Nf5 bxc3 50.
Nxh6 Be6 0-1

[Event "*** Titled Tuesday Blitz"]
[Site "Chess.com"]
[Date "2020.11.24"]
[Round "9"]
[White "Stormeman100100"]
[Black "Khnykin_Nikolay"]
[Result "1-0"]
[WhiteElo "2518"]
[BlackElo "2062"]
[TimeControl "180+1"]
[EndTime "12:03:38 PST"]
[Termination "Stormeman100100 won by checkmate"]

1. d4 e6 2. Bf4 Nf6 3. e3 d5 4.
Nd2 Bb4 5. c3 Be7 6. Bd3 O-O 7.
Ngf3 Nc6 8. h3 b6 9. O-O Bb7 10.
b4 a6 11. a4 Bd6 12. Bxd6 Qxd6 13. e4 dxe4 14. Nxe4 Nxe4 15. Bxe4 Rab8 16. Qe2 f5 17. Bc2 Rfe8 18. Bb3 Kh8 19. Rfe1 Qf4 20. d5 Nd8 21. dxe6 Nc6 22. Ne5 Nxe5 23. Qxe5 Qg5 24. Qg3 Qf6 25. f4 Rbd8 26. Rad1 Rd6 27. Rxd6 cxd6 28. Qe3 h6 29. Qxb6 Ba8 30. Qe3 Qg6 31. Re2 Be4 32. Kf2 Qxg2+ 33. Ke1 Qg6 34. Qd4 d5 35.
Bxd5 Qg3+ 36. Kd1 Rd8 37. e7 Rxd5 38. e8=Q+ Kh7 39. Qxd5 Bxd5 40. Kd2 Qxf4+ 41. Qe3 Qc4 42. Qd4 Qa2+ 43. Ke3 Qb3 44. a5 Be4 45. Rf2 Qd1 46. Qxd1 h5 47. Qd4 h4 48. Rf1 Kh6 49. Rg1 g5 50.
Qf6+ Kh7 51. Rxg5 Bb1 52. Kf4 Be4 53. Qg7# 1-0

[Event "*** Titled Tuesday Blitz"]
[Site "Chess.com"]
[Date "2020.11.24"]
[Round "9"]
[White "sorrm8thatscheckm8"]
[Black "DenishevM"]
[Result "0-1"]
[WhiteElo "2502"]
[BlackElo "2604"]
[TimeControl "180+1"]
[EndTime "12:03:39 PST"]
[Termination "DenishevM won on time"]

1. d4 Nf6 2. c4 g6 3. Nf3 Bg7 4. g3 O-O 5. Bg2 d6 6. O-O Ne4 7. Nbd2 Nxd2 8. Bxd2 c6 9. Bc3 f5 10. Rc1 Nd7 11. d5 Nc5 12. Bxg7 Kxg7 13. Nd4 cxd5 14. cxd5 Kg8 15. b4 Ne4 16. Qd3 Nf6 17.
Nb3 Bd7 18. a3 Qb6 19. Nd4 Rac8 20. h4 Rxc1 21. Rxc1 Rc8 22. Rxc8+ Bxc8 23. Qe3 Qd8 24. Bf3 a6 25. h5 Kg7 26. hxg6 hxg6 27. Qc3 Bd7 28. Qe3 Qe8 29. Qg5 Qf7 30. e3 Bc8 31.
Bg2 Bd7 32. Bf3 Bc8 33. a4 Bd7 34. b5 axb5 35. axb5 Nh7 36. Qh4 Qf6 37. Qh1 Ng5 38. Qh4 Nxf3+ 39. Nxf3 Qxh4 40. gxh4 Bxb5 41. Nd4 Bd7 42. Kf1 Kf6 43. Ke2 Ke5 44. Nf3+ Kxd5 45. Ng5 e5 46. Kd2 b5 47. Nf7 Ke6 48. Ng5+ Kf6 49. f3 Bc6 50. e4 d5 0-1

[Event "*** Titled Tuesday Blitz"]
[Site "Chess.com"]
[Date "2020.11.24"]
[Round "9"]
[White "Sharpchess22"]
[Black "temus_galaktionov"]
[Result "1-0"]
[WhiteElo "2822"]
[BlackElo "2689"]
[TimeControl "180+1"]
[EndTime "12:03:40 PST"]
[Termination "Sharpchess22 won by checkmate"]

1. d4 c6 2. Nf3 g6 3. Bf4 Bg7 4. e3 d6 5. c4 Nd7 6. Nc3 Ngf6 7. h3 O-O 8. Be2 b6 9. O-O a5 10. Bh2 Bb7 11. e4 Ne8 12. Qc2 Nc7 13. Rad1 Ne6 14.
Rfe1 Re8 15. d5 Nec5 16. Nd4 cxd5 17. cxd5 Rc8 18. Bb5 Rf8 19. a3 Nf6 20. Nc6 Qc7 21.
e5 dxe5 22. Bxe5 Qd7 23. b4 axb4 24. axb4 Na6 25. Qa4 Ra8 26. Bg3 Kh8 27. Nxe7 Qd8 28. Qb3 Nc7 29. Bc6 Ra7 30. b5 Bc8 31. d6 Ne6 32. Bf3 Nc5 33. Qb4 Qd7 34. Nc6 Rb7 35.
Re7 Qf5 36. Nd4 Qg5 37. h4 Qh6 38. Bxb7 Bxb7 39. Nc6 Nfd7 40. Nd5 Qh5 41. Qd2 Qf5 42. Qf4 Qc2 43. Rd2 Qc1+ 44. Kh2 Ne6 45. Qe3 Ndc5 46. d7 Rd8 47. Nxd8 Nxd8 48. Re8+ Bf8 49. Qe5+ Kg8 50. Ne7# 1-0

[Event "*** Titled Tuesday Blitz"]
[Site "Chess.com"]
[Date "2020.11.24"]
[Round "9"]
[White "Kaua18"]
[Black "lefonghua"]
[Result "1-0"]
[WhiteElo "2377"]
[BlackElo "2487"]
[TimeControl "180+1"]
[EndTime "12:03:40 PST"]
[Termination "Kaua18 won by resignation"]

1. e4 c5 2. Nf3 g6 3. d4 cxd4 4.
Qxd4 Nf6 5. Nc3 Nc6 6. Qa4 d6 7. e5 dxe5 8. Nxe5 Bg7 9. Nxc6 bxc6 10. Qxc6+ Bd7 11. Qa6 O-O 12. Be2 Bf5 13. Bd3 Bxd3 14.
Qxd3 Qc7 15. O-O Rfd8 16. Qg3 Qxg3 17. hxg3 Rac8 18. Be3 Ng4 19. Bxa7 Bxc3 20. bxc3 Rxc3 21. Rfe1 Rd7 22. Bb8 Rxc2 23. f3 Nf6 24. Rec1 Rb2 25. Bf4 Kg7 26. a4 Re2 27. a5 Nd5 28. Rd1 e5 29. Kf1 Rc2 30. Bxe5+ f6 31. Bd4 Kf7 32. a6 Nc7 33. a7 Na8 34. Bf2 Rcc7 35. Rxd7+ Rxd7 36. Rb1 Ke7 37. Rb8 Rd8 38. Ke2 h5 39. g4 hxg4 40. fxg4 Kd7 41. Bd4 f5 42. gxf5 gxf5 43. Kf3 Nc7 44. Bf6 Re8 45. Rxe8 Kxe8 46. Be5 Na8 47.
Kf4 Kf7 48. Kxf5 Nb6 49. g4 Kg8 1-0

[Event "*** Titled Tuesday Blitz"]
[Site "Chess.com"]
[Date "2020.11.24"]
[Round "9"]
[White "crazy_but_lazy"]
[Black "Bathory44"]
[Result "0-1"]
[WhiteElo "2460"]
[BlackElo "2573"]
[TimeControl "180+1"]
[EndTime "12:03:41 PST"]
[Termination "Bathory44 won by checkmate"]

1. d4 Nf6 2. c4 g6 3. Nc3 Bg7 4. e4 O-O 5. Be2 d6 6. Be3 e5 7. d5 Na6 8. g4 Nc5 9. f3 h5 10.
g5 Nh7 11. h4 f6 12. gxf6 Bxf6 13. Bf2 Be7 14. Qd2 Rf4 15. Nh3 Bxh3 16. Rxh3 Bxh4 17. Bf1 Bxf2+ 18. Qxf2 Qg5 19. Rg3 Qh6 20. b4 Na6 21. a3 h4 22. Rg1 Raf8 23. Be2 Ng5 24. Qe3 Kh7 25. Kd2 Nxf3+ 26. Bxf3 Rxf3 27. Qxh6+ Kxh6 28. Rg4 R8f4 29. Rag1 Rxg4 30. Rxg4 g5 31. Rg1 h3 32. c5 dxc5 33. b5 Nb8 34. Ne2 Rxa3 35. Ng3 h2 36.
Nf5+ Kh5 37. Rh1 Ra2+ 38. Ke3 Nd7 39. Kf3 c4 40. Ng3+ Kg6 41. Ne2 g4+ 42. Ke3 Nf6 43.
Rxh2 Ra3+ 44. Kd2 Nxe4+ 45. Kd1 g3 46. Rh8 Ra1+ 47. Kc2 Ra2+ 48. Kd1 Nf2+ 49. Ke1 Nd3+ 50. Kf1 Ra1+ 51. Kg2 Nf4+ 52. Nxf4+ exf4 53. Rc8 Kf5 54. Rxc7 Ra2+ 55. Kf3 Rf2# 0-1

[Event "*** Titled Tuesday Blitz"]
[Site "Chess.com"]
[Date "2020.11.24"]
[Round "9"]
[White "lucachess49"]
[Black "enriquetejedor"]
[Result "1/2-1/2"]
[WhiteElo "2348"]
[BlackElo "2470"]
[TimeControl "180+1"]
[EndTime "12:03:42 PST"]
[Termination "Game drawn by repetition"]

1. d4 c5 2. d5 e5 3. e4 d6 4. Be2 Nf6 5. Nc3 Be7 6. Nf3 O-O 7. O-O a6 8. a4 Nbd7 9. a5 Ne8 10. Nd2 g6 11. Nc4 f5 12. Bh6 Ng7 13. f4 exf4 14. Bxf4 Nf6 15. e5 dxe5 16. Bxe5 Nd7 17. d6 Nxe5 18.
dxe7 Qxe7 19. Qd5+ Nf7 20. Bf3 Be6 21. Qxb7 Qxb7 22.
Bxb7 Bxc4 23. Bxa8 Bxf1 24. Bd5 Rb8 25. Kxf1 Rxb2 26.
Bb3 c4 27. Bxc4 Rxc2 28. Bxa6 Rxc3 29. Bb7 Nd6 30. a6 Nb5 31. a7 Nxa7 32. Rxa7 Rc5 33. Ra8+ Kf7 34. Rd8 Ne6 35. Rd7+ Kf6 36. Rxh7 Rc1+ 37.
Kf2 Rc2+ 38. Kg3 f4+ 39. Kg4 Rc5 40. h4 Rc3 41. Bf3 Rc5 42. Ra7 Re5 43. Ra6 Kg7 44.
Ra7+ Kf6 45. Ra6 Kf7 46. Ra7+ Kf6 1/2-1/2

[Event "*** Titled Tuesday Blitz"]
[Site "Chess.com"]
[Date "2020.11.24"]
[Round "9"]
[White "VerdeNotte"]
[Black "petrpalachev"]
[Result "1-0"]
[WhiteElo "2905"]
[BlackElo "2728"]
[TimeControl "180+1"]
[EndTime "12:03:43 PST"]
[Termination "VerdeNotte won on time"]

1. Nf3 Nf6 2. c4 e6 3. g3 d5 4. Bg2 Be7 5. O-O O-O 6. b3 b6 7. Bb2 Bb7 8. cxd5 Nxd5 9. d4 Nf6 10. Nbd2 Nbd7 11. Nc4 Rc8 12. Rc1 c5 13. Qd2 Ne4 14. Qd3 Qc7 15. Nfe5 Ndf6 16. e3 Rfd8 17. Rfd1 Qb8 18.
Qe2 Qa8 19. f3 Nd6 20. dxc5 Nxc4 21. Rxd8+ Rxd8 22. Nxc4 Bxc5 23. Bxf6 gxf6 24. a4 Bd5 25. Kh1 Bxc4 26. Rxc4 Qd5 27. h4 Qd1+ 28. Qxd1 Rxd1+ 29. Kh2 Bxe3 30. g4 e5 31. b4 a5 32. bxa5 bxa5 33. Kh3 Ra1 34. g5 fxg5 35. hxg5 Bxg5 36. Rc5 Rxa4 37.
Bf1 Bf4 38. Bc4 Ra1 39. Kg4 Rc1 40. Rc7 h6 41. Kf5 Rd1 42. Bxf7+ Kf8 43. Kf6 Rd6+ 44.
Be6 Bg5+ 45. Kxe5 Rd8 46. f4 Be7 47. Ra7 Bd6+ 48. Kf5 Bb4 49. Kf6 1-0

[Event "*** Titled Tuesday Blitz"]
[Site "Chess.com"]
[Date "2020.11.24"]
[Round "9"]
[White "Resignify"]
[Black "MIJuanReyesRosa"]
[Result "1-0"]
[WhiteElo "2252"]
[BlackElo "2068"]
[TimeControl "180+1"]
[EndTime "12:03:43 PST"]
[Termination "Resignify won by checkmate"]

1. e4 c6 2. d4 d5 3. Nd2 g6 4.
Ngf3 Bg7 5. c3 Bg4 6. exd5 cxd5 7. h3 Bxf3 8. Nxf3 Nf6 9. Bb5+ Nbd7 10. Ne5 O-O 11.
Nxd7 Nxd7 12. O-O a6 13. Ba4 b5 14. Bb3 Nb6 15. Bf4 Nc4 16. Rb1 Rc8 17. Re1 e6 18.
Bc2 Qb6 19. Bd3 Rfd8 20. Qe2 a5 21. a3 h5 22. g4 hxg4 23. hxg4 b4 24. axb4 axb4 25.
Kg2 Qa5 26. Rec1 bxc3 27. bxc3 Nb6 28. Rb5 Qa7 29. Rcb1 Na4 30. Rb7 Qa5 31. Bd2 Nxc3 32. Qf3 Rc7 33. R1b5 Nxb5 34. Bxa5 Rxb7 35. Bxd8 Nxd4 36.
Qe3 Nc6 37. Bg5 Ne5 38. Be2 d4 39. Qxd4 Nc6 40. Qc5 Nb8 41. Qc8+ Kh7 42. Qxb7 Nd7 43. Qxd7 e5 44. Qxf7 e4 45. Bf6 e3 46. Qxg7# 1-0

[Event "*** Titled Tuesday Blitz"]
[Site "Chess.com"]
[Date "2020.11.24"]
[Round "9"]
[White "Geller_Jakov"]
[Black "Neftegor"]
[Result "0-1"]
[WhiteElo "2602"]
[BlackElo "2536"]
[TimeControl "180+1"]
[EndTime "12:03:44 PST"]
[Termination "Neftegor won on time"]

1. e4 e5 2. Nf3 Nc6 3. Bc4 Bc5 4.
O-O d6 5. d3 Nf6 6. c3 a6 7. a4 O-O 8. h3 h6 9. Re1 Ba7 10. Nbd2 Nh5 11. Nf1 Qf6 12. b4 Nf4 13. Ng3 Ne7 14. d4 Neg6 15. Be3 Rd8 16. Bf1 c6 17. b5 Be6 18. bxc6 bxc6 19. Bxa6 Bxd4 20. cxd4 Rxa6 21. a5 Rda8 22. dxe5 dxe5 23. Bb6 Kh7 24.
Re3 c5 25. Rc1 c4 26. Rc2 Rxa5 27. Bxa5 Rxa5 28. Nf5 Nd3 29. Ne1 Ngf4 30. Nxd3 cxd3 31. Rc6 Qg5 32. Rg3 Ne2+ 33. Kh2 Nxg3 34. Nxg3 Qf4 35. Qxd3 Qxf2 36. Rc2 Qf4 37. Qf3 Qxf3 38. gxf3 Ra3 39. Kg2 Kg6 40. Nf1 Kg5 41. Kg3 h5 42. h4+ Kf6 43. Nd2 g5 44. hxg5+ Kxg5 45. Rc5 h4+ 46. Kf2 Kf4 47. Rc1 Ra2 48. Rd1 Bb3 49. Ke2 Bxd1+ 0-1

[Event "*** Titled Tuesday Blitz"]
[Site "Chess.com"]
[Date "2020.11.24"]
[Round "9"]
[White "margarita_2703"]
[Black "albi1999"]
[Result "1/2-1/2"]
[WhiteElo "2417"]
[BlackElo "2579"]
[TimeControl "180+1"]
[EndTime "12:03:44 PST"]
[Termination "Game drawn by agreement"]

1. d4 Nf6 2. Nf3 e6 3. c4 d5 4. Nc3 c5 5. Bg5 cxd4 6. Nxd4 e5 7.
Nf3 d4 8. Nd5 Be6 9. Qa4+ Bd7 10. Qb3 Bc6 11. Nxe5 Bxd5 12. cxd5 Qxd5 13. Qxd5 Nxd5 14.
Nd3 Nc6 15. a3 Bd6 16. g3 Nc7 17. Bg2 Ne6 18. Bd2 Kd7 19. O-O Rac8 20. e3 Rhd8 21. Rfd1 Ke7 22. Nf4 Nxf4 23. exf4 Bc5 24. Rac1 Bb6 25.
Rc4 d3 26. Bc3 Nd4 27. Rxc8 Rxc8 28. Rxd3 Ne2+ 29. Kf1 Nxc3 30. Rxc3 Rxc3 31. bxc3 Bc5 32. Bxb7 Bxa3 33. Be4 h6 34. Bd5 f6 35. Ke2 Kd6 36.
Bb3 Bc5 37. f3 Bg1 38. h3 Kc5 39. g4 a5 40. Kd3 Bf2 41. Ke4 Kb5 42. Kf5 a4 43. Be6 Be1 44. Kg6 Bxc3 45. Kxg7 Bd2 46. Kxf6 Bxf4 47. Kf5 Bd2 48. f4 Kc5 49. Ke4 Kd6 50.
Ba2 a3 51. f5 Ke7 52. h4 Be1 53. g5 Bxh4 54. f6+ Kf8 55. gxh6 Bxf6 56. Kf5 Bb2 57. Kg6 Bc1 58. h7 Bb2 59. Kf5 Bh8 60. Ke4 Bb2 1/2-1/2

[Event "*** Titled Tuesday Blitz"]
[Site "Chess.com"]
[Date "2020.11.24"]
[Round "9"]
[White "profofchess"]
[Black "MasterMK73"]
[Result "1-0"]
[WhiteElo "2389"]
[BlackElo "2265"]
[TimeControl "180+1"]
[EndTime "12:03:46 PST"]
[Termination "profofchess won on time"]

1. e4 c5 2. Nf3 a6 3. c3 d6 4. d4 Qc7 5. Bd3 g6 6. O-O Bg7 7. a4 b6 8. h3 Nd7 9. Re1 e5 10. Be3 Ngf6 11. b4 O-O 12. Nbd2 h6 13. bxc5 bxc5 14. d5 Ne8 15. Qc2 a5 16. Rab1 Nb6 17.
Qb3 Rb8 18. Qb5 f5 19. Nc4 f4 20. Nxb6 fxe3 21. fxe3 Bxh3 22. Qc6 Qe7 23. Bf1 Rxf3 24. gxf3 Qg5+ 25. Kf2 Bxf1 26. Rxf1 Nf6 27. Nd7 Nxd7 28. Qxd7 Rf8 29. Rb7 Qf6 30. Ke2 g5 31. Rb6 g4 32.
Rxd6 gxf3+ 33. Kd3 Qg5 34. Qe6+ Kh8 35. Qg6 Qh4 36.
Rd7 Rg8 37. Rxf3 Qe1 38. Qg2 Qd1+ 39. Kc4 Qxa4+ 40. Kd3 Qd1+ 41. Qd2 Qxf3 42. d6 Qf8 43. Kc4 Qc8 44. Re7 Qf8 45. Qd5 Qf1+ 46. Kxc5 Rc8+ 47. Kb6 Rb8+ 48. Rb7 Rd8 49. Kc7 1-0